[Event "Titled Tuesday Blitz February 28 Early 2023"]
[White "Jaskolka, Tomasz"]
[Black "Srihari L R"]
[WhiteFideId "1170791"]
[BlackFideId "46617116"]
[WhiteElo "2155"]
[BlackElo "2334"]
[Result "0-1"]
[Round "10"]
[TimeControl "180+2"]
[Date "2023.02.28"]
[WhiteClock "0:00:17"]
[BlackClock "0:00:34"]

1. d4 Nc6 2. Nf3 d6 3. g3 g6 4. Bg2 Bg7 5. O-O Nf6 6. c4 O-O 7. Nc3 a6 8. e4 e5 9. d5 Ne7 10. b4 a5 11. bxa5 Rxa5 12. a4 b6 13. Nb5 Nxe4 14. Re1 Nc5 15. Bd2 Ra8 16. a5 Ba6 17. axb6 cxb6 18. Qb1 Nf5 19. Bc3 Re8 20. Nd2 Qd7 21. Ne4 Nxe4 22. Bxe4 Bxb5 23. Qxb5 Qxb5 24. cxb5 Ne7 25. Bb4 f5 26. Bg2 Rxa1 27. Rxa1 e4 28. Ra7 Be5 29. Bf1 Kf8 30. Bc4 Rc8 31. Ba2 g5 32. h4 gxh4 33. gxh4 f4 34. Rd7 Rc1+ 35. Kg2 f3+ 36. Kh3 h5 37. Bb1 Rh1# 0-1


[Site "https://www.chess.com"]

[Event "Titled Tuesday Blitz February 28 Early 2023"]
[White "Weetik, Vjacheslav"]
[Black "Derjabin, Ilja"]
[WhiteFideId "4153472"]
[BlackFideId "14104768"]
[WhiteElo "2469"]
[BlackElo "2309"]
[Result "1-0"]
[Round "10"]
[TimeControl "180+2"]
[Date "2023.02.28"]
[WhiteClock "0:00:03"]
[BlackClock "0:00:01"]

1. d4 Nf6 2. c4 c5 3. d5 b5 4. Nf3 Bb7 5. a4 Qa5+ 6. Bd2 b4 7. Qc2 g6 8. e4 d6 9. h3 Bg7 10. Bd3 Nbd7 11. O-O O-O-O 12. Bf4 h6 13. Bh2 g5 14. e5 dxe5 15. Nxe5 Nxe5 16. Bxe5 Rhg8 17. Nd2 Nxd5 18. Bxg7 Nf4 19. Bf5+ e6 20. Bf6 Bxg2 21. Rfe1 Qc7 22. Be4 Bxh3 23. Nf1 Rd7 24. Ng3 Bg4 25. Be5 Qd8 26. f3 Bh5 27. Kh2 Bg6 28. Rad1 h5 29. Qf2 Qe7 30. Rxd7 Kxd7 31. Bxg6 Nxg6 32. Ne4 Nxe5 33. Nxc5+ Kc8 34. Rxe5 Qc7 35. f4 1-0


[Site "https://www.chess.com"]

[Event "Titled Tuesday Blitz February 28 Early 2023"]
[White "Martin Carmona, Gaston Manuel"]
[Black "Alvarez Calzadilla, Jose Avelino"]
[WhiteFideId "22284567"]
[BlackFideId "3526151"]
[WhiteElo "2245"]
[BlackElo "2310"]
[Result "0-1"]
[Round "10"]
[TimeControl "180+2"]
[Date "2023.02.28"]
[WhiteClock "0:00:13"]
[BlackClock "0:00:13"]

1. d4 Nf6 2. c4 c5 3. d5 b5 4. Nf3 g6 5. Qc2 Bg7 6. e4 O-O 7. cxb5 e6 8. Nc3 exd5 9. exd5 a6 10. a4 Re8+ 11. Be2 axb5 12. Nxb5 Nxd5 13. O-O Nc6 14. Qxc5 Ndb4 15. Bg5 Bf6 16. Bc4 Bxg5 17. Nxg5 Re5 18. Bxf7+ Kg7 19. Qc3 Qf6 20. f4 Re2 21. Bc4 Qxc3 22. bxc3 Rc2 23. Rfe1 Ba6 24. Nc7 Bxc4 25. Nxa8 Nd3 26. Rf1 Bd5 27. Nf3 Nxf4 28. Nb6 Rxg2+ 29. Kh1 Be4 30. Rae1 d5 31. c4 Rb2 32. cxd5 Nd4 33. Nc4 Nxf3 34. Rxf3 Bxf3+ 35. Kg1 Nh3+ 0-1


[Site "https://www.chess.com"]

[Event "Titled Tuesday Blitz February 28 Early 2023"]
[White "Kim, Sergey"]
[Black "Yaniuk, Volodymyr"]
[WhiteFideId "13700570"]
[BlackFideId "14133083"]
[WhiteElo "2630"]
[BlackElo "2141"]
[Result "1/2-1/2"]
[Round "10"]
[TimeControl "180+2"]
[Date "2023.02.28"]
[WhiteClock "0:00:02"]
[BlackClock "0:00:03"]

1. d4 d5 2. c4 e6 3. Nc3 Nf6 4. Nf3 Bb4 5. e3 O-O 6. Bd3 b6 7. cxd5 exd5 8. Ne5 Bb7 9. O-O h6 10. f4 Re8 11. Qf3 Bxc3 12. bxc3 Ne4 13. Bxe4 dxe4 14. Qh5 Qe7 15. Ba3 Qf6 16. f5 Nc6 17. Ng4 Qg5 18. Qxg5 hxg5 19. f6 Bc8 20. h3 Bxg4 21. hxg4 Na5 22. Be7 Nc6 23. Ba3 Na5 24. Rf5 gxf6 25. Rxf6 Re6 26. Rf5 Rg6 27. Be7 Nc4 28. Bxg5 f6 29. Bf4 c6 30. g5 fxg5 31. Rxg5 Rxg5 32. Bxg5 Rf8 33. a4 Kg7 34. Bf4 Kg6 35. Kf2 Rf5 36. g4 Ra5 37. Kg3 b5 38. Rh1 bxa4 39. Rh6+ Kf7 40. Rh1 a3 41. Ra1 a2 42. Bc7 Ra3 43. Kf4 Nd2 44. Bd6 Ra4 45. c4 Nxc4 46. Be5 Nd2 47. d5 cxd5 48. Rh1 Nb3 49. Rh7+ Kg8 50. Rg7+ Kf8 51. Rb7 a1=Q 52. Bxa1 Nxa1 53. g5 Ra6 54. Ke5 Nc2 55. Kxd5 Nxe3+ 56. Kxe4 Nc4 57. Kd5 Nd6 58. Rd7 Ne8 59. Ke5 Ra1 60. Kf5 a5 61. Kg6 a4 62. Rf7+ Kg8 63. Re7 Kf8 64. Rf7+ Kg8 65. Re7 Nd6 66. Rd7 Ne8 67. Re7 1/2-1/2


[Site "https://www.chess.com"]

[Event "Titled Tuesday Blitz February 28 Early 2023"]
[White "Kvaloy, Aksel Bu"]
[Black "Thorhallsson, Simon"]
[WhiteFideId "1528815"]
[BlackFideId "2310090"]
[WhiteElo "2208"]
[BlackElo "2108"]
[Result "1/2-1/2"]
[Round "10"]
[TimeControl "180+2"]
[Date "2023.02.28"]
[WhiteClock "0:00:40"]
[BlackClock "0:00:13"]

1. d4 Nf6 2. c4 g6 3. Nc3 Bg7 4. Nf3 O-O 5. Bg5 c5 6. e3 cxd4 7. exd4 d5 8. Bxf6 Bxf6 9. Nxd5 Bg7 10. Be2 Nc6 11. O-O Bg4 12. Nc3 Bxf3 13. Bxf3 Nxd4 14. Re1 e6 15. b3 Qa5 16. Rc1 Rad8 17. Kh1 Nb5 18. Nxb5 Rxd1 19. Rexd1 Qxa2 20. Kg1 Qxb3 21. Bxb7 a5 22. Nd6 a4 23. c5 Be5 24. c6 Bxd6 25. Rxd6 a3 26. c7 Qxb7 27. Rd8 Qc8 28. Rxc8 Rxc8 29. h4 h5 30. g3 Kf8 31. Ra1 Rxc7 32. Rxa3 Rc4 33. Kg2 1/2-1/2


[Site "https://www.chess.com"]

[Event "Titled Tuesday Blitz February 28 Early 2023"]
[White "Domingo Nunez, Ruben"]
[Black "Ljukin, Sergei"]
[WhiteFideId "22245570"]
[BlackFideId "14102200"]
[WhiteElo "2404"]
[BlackElo "2312"]
[Result "1-0"]
[Round "10"]
[TimeControl "180+2"]
[Date "2023.02.28"]
[WhiteClock "0:00:04"]
[BlackClock "0:00:02"]

1. b3 e5 2. Bb2 Nc6 3. e3 Nf6 4. Bb5 Bd6 5. Nf3 e4 6. Bxc6 dxc6 7. Nd4 a6 8. d3 c5 9. Ne2 O-O 10. Nbc3 Bf5 11. dxe4 Nxe4 12. Qd5 Qf6 13. O-O-O Be5 14. Nxe4 Bxb2+ 15. Kb1 Bxe4 16. Qxe4 Ba3 17. c3 b5 18. Qf4 Qg6+ 19. e4 c4 20. Qf5 Qb6 21. Kc2 c5 22. Rd7 cxb3+ 23. axb3 c4 24. bxc4 bxc4 25. Rb1 Qc6 26. Rbb7 Qa4+ 27. Kd2 Rad8 28. Nd4 Rxd7 29. Rxd7 g6 30. Qd5 Bb2 31. Ne6 Qa1 32. Nxf8 Qc1+ 33. Ke2 Qc2+ 34. Kf3 Qxc3+ 35. Ke2 Qc2+ 36. Kf1 Qc1+ 37. Qd1 1-0


[Site "https://www.chess.com"]

[Event "Titled Tuesday Blitz February 28 Early 2023"]
[White "Ezat, Mohamed"]
[Black "Manukyan, Sargis A."]
[WhiteFideId "10600906"]
[BlackFideId "13303970"]
[WhiteElo "2388"]
[BlackElo "2187"]
[Result "1-0"]
[Round "10"]
[TimeControl "180+2"]
[Date "2023.02.28"]
[WhiteClock "0:00:17"]
[BlackClock "0:00:10"]

1. e4 c5 2. d4 cxd4 3. c3 d3 4. Nf3 d6 5. Bxd3 Nc6 6. h3 Nf6 7. O-O g6 8. Qe2 Bg7 9. Rd1 O-O 10. e5 dxe5 11. Bxg6 Qc7 12. Bc2 h6 13. Na3 Be6 14. Bb3 Bxb3 15. axb3 Rfd8 16. Be3 Rxd1+ 17. Rxd1 Rd8 18. b4 Rxd1+ 19. Qxd1 e4 20. Nd4 Nxd4 21. Bxd4 a6 22. Bxf6 exf6 23. Qd5 Qe7 24. Nc4 Bf8 25. Ne3 Qe6 26. Qxb7 f5 27. Qd5 f4 28. Qxe6 fxe6 29. Nc4 Kf7 30. Nd2 e3 31. fxe3 fxe3 32. Nc4 Kf6 33. Kf1 Kf5 34. Ke2 Ke4 35. Nxe3 h5 36. Nd1 Bh6 37. g3 Bc1 38. Nf2+ Kd5 39. Nd3 Bg5 40. b3 h4 41. gxh4 Bxh4 42. Nf4+ Kd6 43. c4 e5 44. Ng2 Bg5 45. Kd3 Bc1 46. Ne3 Ba3 47. Nc2 Bc1 48. Ke4 Bf4 49. h4 Bg3 50. h5 Bf4 51. Ne1 Ke6 52. Nd3 Bd2 53. Nc5+ Kd6 54. Nxa6 Kc6 55. Kxe5 Kb6 56. b5 Ka5 57. Kf6 Bc3+ 58. Kg6 Bd4 59. h6 Be5 60. h7 Kb6 61. Kf7 Bc3 62. Kg8 Bd4 63. h8=Q Ka5 64. Qh7 Bb6 65. Qh6 Bd4 66. Qd2+ Kb6 67. Qxd4+ Ka5 68. Qd8# 1-0


[Site "https://www.chess.com"]

[Event "Titled Tuesday Blitz February 28 Early 2023"]
[White "Skliarov, Viktor"]
[Black "Ibadov, Dashgyn"]
[WhiteFideId "14106736"]
[BlackFideId "24107514"]
[WhiteElo "2284"]
[BlackElo "2208"]
[Result "1-0"]
[Round "10"]
[TimeControl "180+2"]
[Date "2023.02.28"]
[WhiteClock "0:00:04"]
[BlackClock "0:00:01"]

1. e4 e5 2. Nc3 Nf6 3. Bc4 Nc6 4. d3 Bc5 5. a3 a6 6. h3 d6 7. Nge2 b5 8. Ba2 O-O 9. Ng3 Nd4 10. O-O Be6 11. Nd5 c6 12. Nxf6+ Qxf6 13. c3 Bxa2 14. cxd4 Bxd4 15. Rxa2 Qg6 16. Kh2 c5 17. Be3 Qe6 18. b3 g6 19. Bxd4 cxd4 20. Qb1 f5 21. f3 f4 22. Ne2 g5 23. Rc1 Rf7 24. Rc6 h5 25. Rac2 g4 26. b4 Raf8 27. Qa2 Qg6 28. Rc7 Kh8 29. Rxf7 Rxf7 30. Rc8+ Kh7 31. Qb1 Rg7 32. Qf1 gxh3 33. gxh3 h4 34. Qg1 Qe6 35. Qc1 Qa2 36. Rc2 Qb3 37. Rc7 Qxd3 38. Rxg7+ Kxg7 39. Qg1+ Kf7 40. Qf2 Qe3 41. Kg2 d3 42. Nc3 Qc1 43. Qa7+ Kg6 44. Nd5 d2 45. Qe7 d1=Q 46. Qf6+ Kh7 47. Qf7+ 1-0


[Site "https://www.chess.com"]

[Event "Titled Tuesday Blitz February 28 Early 2023"]
[White "Balla, Tamas-Kristof"]
[Black "Jakubowski, Krzysztof"]
[WhiteFideId "1208497"]
[BlackFideId "1112848"]
[WhiteElo "2334"]
[BlackElo "2359"]
[Result "0-1"]
[Round "10"]
[TimeControl "180+2"]
[Date "2023.02.28"]
[WhiteClock "0:00:04"]
[BlackClock "0:00:27"]

1. e4 c5 2. Nf3 e6 3. c3 Nf6 4. e5 Nd5 5. d4 cxd4 6. cxd4 d6 7. a3 Bd7 8. Bd3 Bc6 9. O-O Nd7 10. Nbd2 dxe5 11. dxe5 Nf4 12. Ne4 Nxd3 13. Qxd3 Nc5 14. Nxc5 Bxc5 15. Qc3 Bb6 16. Bg5 Qc7 17. Rac1 O-O 18. Nd4 Qxe5 19. Be3 Bd5 20. Qd2 Rac8 21. Nc2 Qe4 22. f3 Rxc2 23. fxe4 Rxd2 24. Bxb6 Bxe4 25. Rf2 Rxf2 26. Bxf2 a6 27. Bd4 f6 28. Rc7 Rd8 29. Bc3 h5 30. h3 e5 31. g4 hxg4 32. hxg4 Kh7 33. Kf2 Kg6 34. Rc4 Bc6 35. Bb4 Rh8 36. Kg3 Rh1 37. Bc3 Rd1 38. g5 Kxg5 39. Bb4 Rd3+ 40. Kh2 Kf5 41. Bc3 g5 42. Kg1 g4 43. Bb4 g3 44. Rc2 Rd1+ 0-1


[Site "https://www.chess.com"]

[Event "Titled Tuesday Blitz February 28 Early 2023"]
[White "Fieberg, Samuel"]
[Black "Gunduz, Umut Erdem"]
[WhiteFideId "12901717"]
[BlackFideId "6381383"]
[WhiteElo "2475"]
[BlackElo "2182"]
[Result "0-1"]
[Round "10"]
[TimeControl "180+2"]
[Date "2023.02.28"]
[WhiteClock "0:00:03"]
[BlackClock "0:00:34"]

1. e3 Nf6 2. Nf3 c5 3. b3 g6 4. Bb2 Bg7 5. g3 O-O 6. Bg2 d5 7. O-O Nc6 8. d4 Ne4 9. c3 Bf5 10. Nfd2 Nxd2 11. Nxd2 cxd4 12. exd4 Qd7 13. Rc1 Bh3 14. Qf3 Bxg2 15. Qxg2 e6 16. Nf3 Rfc8 17. Rfd1 b5 18. Ne1 b4 19. c4 dxc4 20. bxc4 Na5 21. Nd3 Qa4 22. Ba1 Rab8 23. d5 Bxa1 24. Rxa1 Nxc4 25. dxe6 fxe6 26. Qe4 Qc6 27. Qe2 a5 28. Ne5 Nxe5 29. Qxe5 Rb5 30. Qe2 Rc5 31. Re1 e5 32. Rad1 a4 33. Rd3 Qb6 34. Red1 Rc2 35. R3d2 Rxd2 36. Rxd2 Rc1+ 37. Kg2 Qc6+ 38. f3 b3 39. axb3 axb3 40. Qxe5 Rc2 41. Rxc2 bxc2 0-1


[Site "https://www.chess.com"]

[Event "Titled Tuesday Blitz February 28 Early 2023"]
[White "Vlassov, Nikolai"]
[Black "Rodriguez Fontecha, Marcos"]
[WhiteFideId "4103360"]
[BlackFideId "2256576"]
[WhiteElo "2324"]
[BlackElo "2263"]
[Result "1-0"]
[Round "10"]
[TimeControl "180+2"]
[Date "2023.02.28"]
[WhiteClock "0:00:45"]
[BlackClock "0:00:03"]

1. e4 e6 2. c4 d5 3. cxd5 exd5 4. Qb3 Nf6 5. e5 Qe7 6. d4 c5 7. Bb5+ Bd7 8. Nf3 a6 9. Bxd7+ Nbxd7 10. O-O Ne4 11. Qxb7 Rb8 12. Qxd5 f5 13. e6 Ndf6 14. Qc6+ Kd8 15. Ne5 Rc8 16. Qb6+ Ke8 17. Qxa6 Nd6 18. Nf7 Qxe6 19. Nxh8 cxd4 20. Bd2 Nfe4 21. Re1 Be7 22. f3 Nc5 23. Rxe6 Nxa6 24. Bg5 Rc7 25. Na3 Nf7 26. Bxe7 Rxe7 27. Rxa6 Nxh8 28. Ra8+ Kf7 29. Rxh8 Re2 30. Nc4 d3 31. Rd1 Rc2 32. b3 1-0


[Site "https://www.chess.com"]

[Event "Titled Tuesday Blitz February 28 Early 2023"]
[White "Gabdrakhmanov, Azat"]
[Black "Kochetov, Andrey"]
[WhiteFideId "34189197"]
[BlackFideId "24130532"]
[WhiteElo "2315"]
[BlackElo "2461"]
[Result "0-1"]
[Round "10"]
[TimeControl "180+2"]
[Date "2023.02.28"]
[WhiteClock "0:00:05"]
[BlackClock "0:00:09"]

1. e4 c5 2. Nf3 d6 3. d4 cxd4 4. Nxd4 Nf6 5. Nc3 Nc6 6. Bg5 e6 7. Qd2 a6 8. O-O-O Bd7 9. f4 b5 10. Nxc6 Bxc6 11. Bd3 Be7 12. e5 dxe5 13. fxe5 Nd5 14. Bxe7 Nxe7 15. Kb1 O-O 16. h4 Qc7 17. Qf4 Nd5 18. Nxd5 Bxd5 19. h5 f6 20. Rhe1 fxe5 21. Qxe5 Qxe5 22. Rxe5 Rf4 23. b3 b4 24. g3 Rg4 25. Bf5 exf5 26. Rdxd5 Rxg3 27. Rxf5 Rc8 28. Rc5 Rc3 29. Rxc8+ Rxc8 30. Kb2 Rc6 31. Rf4 Rb6 32. a3 a5 33. Rf5 Ra6 34. axb4 axb4 35. Rb5 Rh6 36. Rxb4 Rxh5 37. c4 g5 38. Rb5 Rh2+ 39. Ka3 h6 40. c5 g4 0-1


[Site "https://www.chess.com"]

[Event "Titled Tuesday Blitz February 28 Early 2023"]
[White "Buksa, Nataliya"]
[Black "Yaran, Siar"]
[WhiteFideId "14123622"]
[BlackFideId "6323006"]
[WhiteElo "2316"]
[BlackElo "2191"]
[Result "1-0"]
[Round "10"]
[TimeControl "180+2"]
[Date "2023.02.28"]
[WhiteClock "0:00:17"]
[BlackClock "0:00:05"]

1. d4 Nf6 2. Nc3 d5 3. Bf4 a6 4. e3 e6 5. Nf3 c5 6. Be2 b5 7. O-O Bb7 8. a4 b4 9. Nb1 Nbd7 10. c3 Be7 11. cxb4 cxb4 12. Nbd2 O-O 13. Nb3 Qb6 14. Bd3 Rfc8 15. a5 Qa7 16. Qe2 Ne4 17. Rfc1 h6 18. h3 Nd6 19. Nfd2 Rxc1+ 20. Rxc1 Rc8 21. Rxc8+ Bxc8 22. Qf1 Qb7 23. Qc1 Nf6 24. Nc5 Qc6 25. f3 Nb5 26. Ndb3 Bd6 27. Bxb5 axb5 28. Bxd6 Qxd6 29. Nd3 Bd7 30. Qc5 Qg3 31. a6 Ne4 32. a7 Ng5 33. a8=Q+ Kh7 34. Kf1 Nxf3 35. gxf3 Qxf3+ 36. Nf2 e5 37. Qc2+ e4 38. Qe2 Bxh3+ 39. Ke1 Qg2 40. Qxd5 Qg1+ 41. Kd2 Qb1 42. Qxe4+ Bf5 43. Qxb1 1-0


[Site "https://www.chess.com"]

[Event "Titled Tuesday Blitz February 28 Early 2023"]
[White "Andreev, Konstantin"]
[Black "Koellner, Ruben Gideon"]
[WhiteFideId "24239305"]
[BlackFideId "12993093"]
[WhiteElo "2106"]
[BlackElo "2303"]
[Result "1-0"]
[Round "10"]
[TimeControl "180+2"]
[Date "2023.02.28"]
[WhiteClock "0:00:03"]
[BlackClock "0:00:06"]

1. e4 d6 2. d4 Nf6 3. Nc3 e5 4. Nf3 Nbd7 5. Bc4 Be7 6. O-O c6 7. a4 h6 8. h3 Qc7 9. Re1 Nf8 10. Bf1 g5 11. Be3 Ng6 12. Qd2 g4 13. hxg4 Bxg4 14. Nh2 Bd7 15. Bc4 h5 16. Rad1 Ng4 17. Bg5 Nxh2 18. Bxe7 Nf3+ 19. gxf3 Nxe7 20. dxe5 dxe5 21. Bxf7+ Kxf7 22. Qxd7 Qxd7 23. Rxd7 Rad8 24. Red1 Rxd7 25. Rxd7 Rb8 26. Ne2 Ke6 27. Rd3 Ng6 28. Ng3 Nf4 29. Rb3 b6 30. a5 b5 31. Rc3 h4 32. Nf5 Ne2+ 33. Kf1 Nxc3 34. bxc3 h3 35. Kg1 Rg8+ 36. Ng3 Rd8 37. Kh2 Rd2 38. Kxh3 Rxc2 39. Kg4 Rxf2 40. Nf5 Rg2+ 41. Kh3 Rc2 42. Kg4 Rxc3 43. f4 exf4 44. Kxf4 b4 45. Nd4+ Kd6 46. e5+ Kd5 47. Ne2 Rc4+ 48. Kf5 b3 49. e6 Re4 50. Nc3+ Kd4 51. Nxe4 b2 52. Nd2 Kd3 53. Nb1 Kc2 54. e7 Kxb1 55. e8=Q Ka1 56. Qe5 Ka2 57. Qe2 Ka1 58. Qe5 Ka2 59. Qe6+ Ka1 60. Qf6 Ka2 61. Qf7+ Ka1 62. Qxa7 b1=Q+ 63. Ke6 Qb5 64. a6 Qd5+ 65. Ke7 Qe5+ 66. Kd8 Qh8+ 67. Kc7 Qg7+ 68. Kb6 Qxa7+ 69. Kxa7 c5 70. Kb6 c4 71. a7 c3 72. a8=Q+ Kb2 73. Qh8 Kb3 74. Qh3 Kb2 75. Qh8 Kb3 76. Qg8+ Kb2 77. Qg7 Kb3 78. Qf7+ Ka3 79. Qe7+ Kb3 80. Qe6+ Kb2 81. Qe5 Kb3 82. Qd5+ Ka3 83. Qc4 Kb2 84. Qb4+ Kc2 85. Kc5 Kd3 86. Qc4+ Kc2 87. Kd4 1-0


[Site "https://www.chess.com"]

[Event "Titled Tuesday Blitz February 28 Early 2023"]
[White "Souleidis, Georgios"]
[Black "Llanos, Guillermo"]
[WhiteFideId "4206827"]
[BlackFideId "100358"]
[WhiteElo "2401"]
[BlackElo "2225"]
[Result "1-0"]
[Round "10"]
[TimeControl "180+2"]
[Date "2023.02.28"]
[WhiteClock "0:00:09"]
[BlackClock "0:00:40"]

1. e4 Nf6 2. Nc3 d5 3. exd5 Nxd5 4. Bc4 Nb6 5. Bb3 c5 6. Qh5 c4 7. Bxc4 Nxc4 8. Qb5+ Bd7 9. Qxc4 g6 10. Nf3 Bg7 11. O-O O-O 12. d4 Nc6 13. h3 Rc8 14. Qb3 Nxd4 15. Nxd4 Bxd4 16. Bh6 Re8 17. Rad1 Bc6 18. Ne2 e5 19. Nxd4 exd4 20. Qg3 Qf6 21. Rfe1 Rxe1+ 22. Rxe1 Qf5 23. Kh2 Qf6 24. Bg5 Qf5 25. Re7 Qd5 26. f3 Kg7 27. Qh4 h5 28. Qf4 Re8 29. Bf6+ Kh7 30. Rxe8 Bxe8 31. Bxd4 Qf5 32. Qxf5 gxf5 33. Bxa7 b5 34. Kg3 Kg6 35. Kf4 Kf6 36. Bd4+ Ke6 37. c3 Bc6 38. h4 Bd5 39. b3 f6 40. Bb6 Bc6 41. Bd8 Bd5 42. Ke3 Ke5 43. Bc7+ Ke6 44. Kd4 Bc6 45. Kc5 Be8 46. Bf4 Bd7 47. c4 bxc4 48. Kxc4 Bc6 49. Kc5 Bd5 50. Kb4 Kd7 51. a4 Kc6 52. Be3 Be6 53. Kc3 Kb7 54. b4 Ba2 55. b5 Bb1 56. Bd4 f4 57. Bxf6 Ba2 58. Be5 1-0


[Site "https://www.chess.com"]

[Event "Titled Tuesday Blitz February 28 Early 2023"]
[White "Sarkar, Justin"]
[Black "Ordekalog"]
[WhiteFideId "2010011"]
[WhiteElo "2189"]
[BlackElo "2576"]
[Result "0-1"]
[Round "10"]
[TimeControl "180+2"]
[Date "2023.02.28"]
[WhiteClock "0:00:01"]
[BlackClock "0:00:04"]

1. e4 c5 2. Nf3 e6 3. d4 cxd4 4. Nxd4 Bc5 5. Nb3 Bb6 6. Nc3 Ne7 7. Be2 O-O 8. O-O Nbc6 9. Kh1 f5 10. f4 fxe4 11. Nxe4 Nf5 12. Nd6 Ne3 13. Bxe3 Bxe3 14. g3 Bb6 15. Qd3 Nb4 16. Qe4 Nd5 17. Bd3 Nf6 18. Qe2 Qe7 19. Nxc8 Raxc8 20. c4 a5 21. Rad1 a4 22. Nd2 a3 23. b3 d5 24. Nf3 g6 25. Ng5 Rfe8 26. Rfe1 Ba5 27. Qxe6+ Qxe6 28. Rxe6 Rxe6 29. Nxe6 Ng4 30. Rf1 dxc4 31. Bxc4 Ne3 32. Rf3 Nxc4 33. bxc4 Bb4 34. c5 Rc6 35. Nd4 Rxc5 36. Rb3 Rc4 37. Ne6 Kf7 38. Ng5+ Kg7 39. Kg2 h6 40. Nf3 Rc2+ 41. Kh3 Rc4 42. Ne5 Re4 43. Nd3 Be7 44. Rxb7 Kf6 45. Ra7 Re3 46. Ra6+ Kg7 47. Ne5 Re2 48. Rxg6+ Kf8 49. Re6 Bb4 0-1


[Site "https://www.chess.com"]

[Event "Titled Tuesday Blitz February 28 Early 2023"]
[White "Matinian, Nikita"]
[Black "Todorovic, Bojan"]
[WhiteFideId "24129100"]
[BlackFideId "917087"]
[WhiteElo "2422"]
[BlackElo "2266"]
[Result "1-0"]
[Round "10"]
[TimeControl "180+2"]
[Date "2023.02.28"]
[WhiteClock "0:00:39"]
[BlackClock "0:00:04"]

1. Nf3 Nf6 2. g3 g6 3. Bg2 Bg7 4. O-O O-O 5. d4 d6 6. c4 c6 7. Nc3 Qa5 8. e4 Qh5 9. Ng5 Qxd1 10. Rxd1 Bg4 11. f3 Bd7 12. f4 e5 13. fxe5 dxe5 14. d5 Na6 15. h3 Bh6 16. Nf3 Bxc1 17. Raxc1 Rfe8 18. Ne1 cxd5 19. exd5 e4 20. Nc2 Nc5 21. Ne3 a5 22. b3 h5 23. Rc2 Kg7 24. Kh2 Re5 25. Rf2 Ne8 26. g4 Nd6 27. Rdf1 f5 28. gxh5 gxh5 29. Rg1 Kh6 30. Bf1 Rf8 31. Rfg2 Rf6 32. Rg8 Nf7 33. d6 f4 34. Ned5 Rff5 35. R1g6+ Kh7 36. R6g7+ Kh6 37. Ne7 Rg5 38. Rxf7 Rxg8 39. Nxg8+ Kg6 40. Rxf4 e3 41. Ne7+ Kg7 42. Be2 1-0


[Site "https://www.chess.com"]

[Event "Titled Tuesday Blitz February 28 Early 2023"]
[White "Kislov, Oleg"]
[Black "Starozhilov, Leonid"]
[WhiteFideId "13503774"]
[BlackFideId "14106752"]
[WhiteElo "2186"]
[BlackElo "2414"]
[Result "1-0"]
[Round "10"]
[TimeControl "180+2"]
[Date "2023.02.28"]
[WhiteClock "0:00:16"]
[BlackClock "0:00:03"]

1. e4 g6 2. d4 Bg7 3. Nc3 d6 4. Be3 a6 5. Qd2 b5 6. f3 Nd7 7. Nh3 Nb6 8. Nf2 Nf6 9. Bh6 Bxh6 10. Qxh6 b4 11. Ncd1 c5 12. d5 e6 13. dxe6 Bxe6 14. Ne3 Qe7 15. Rd1 Rg8 16. h4 Nh5 17. g4 Ng3 18. Rh2 Nxf1 19. Kxf1 O-O-O 20. Qf4 Kb7 21. g5 Rge8 22. Nfg4 Bxg4 23. Nxg4 Qe6 24. b3 d5 25. Rhd2 d4 26. Nf6 Re7 27. Kg2 Rc7 28. Qg4 Qd6 29. Nxh7 Nd7 30. Qg3 Qc6 31. e5 Re8 32. Re1 Nb6 33. Nf6 Re6 34. Kf2 Rce7 35. f4 Nd5 36. Nxd5 Qxd5 37. Qf3 Kc6 38. Qxd5+ Kxd5 39. Kf3 Re8 40. h5 gxh5 41. Rh1 Rh8 42. Rdh2 c4 43. bxc4+ Kxc4 44. Ke4 Rd8 45. Rh3 a5 46. Rd3 Rc6 47. Rxh5 a4 48. Rh1 Rc5 49. Rhd1 Rcd5 50. Kf5 a3 51. g6 fxg6+ 52. Kxg6 Kc5 53. e6 Rf8 54. e7 Re8 55. Kf7 Rh8 56. e8=Q Rf5+ 57. Ke6 Rxe8+ 58. Kxf5 Rd8 59. Ke4 1-0


[Site "https://www.chess.com"]

[Event "Titled Tuesday Blitz February 28 Early 2023"]
[White "Valgmae, Toomas"]
[Black "Caspi, Israel"]
[WhiteFideId "4502523"]
[BlackFideId "2807394"]
[WhiteElo "2170"]
[BlackElo "2419"]
[Result "0-1"]
[Round "10"]
[TimeControl "180+2"]
[Date "2023.02.28"]
[WhiteClock "0:00:09"]
[BlackClock "0:00:41"]

1. d4 f5 2. g3 Nf6 3. Bg2 g6 4. Nf3 Bg7 5. O-O O-O 6. b3 c6 7. Bb2 Ne4 8. c4 d5 9. Nc3 Be6 10. Qd3 Na6 11. a3 Rb8 12. e3 Nc7 13. cxd5 cxd5 14. Rfc1 a6 15. Na4 Nb5 16. Nc5 Bf7 17. a4 Nbd6 18. Ba3 Bf6 19. Ne5 Nxc5 20. Rxc5 Ne4 21. Rc2 Be8 22. Rac1 Qb6 23. f3 Ng5 24. h4 Nf7 25. f4 Qe6 26. Rc5 Rd8 27. Rc7 b5 28. a5 Nd6 29. Ra7 Ne4 30. Kh2 Rb8 31. Rcc7 b4 32. Bb2 Bb5 33. Qc2 Rfc8 34. Bxe4 fxe4 35. Qg2 Rxc7 36. Rxc7 Rc8 37. Qc2 Rxc7 38. Qxc7 Kg7 39. Bc1 Bf1 40. Bd2 Qh3+ 41. Kg1 Qg2# 0-1


[Site "https://www.chess.com"]

[Event "Titled Tuesday Blitz February 28 Early 2023"]
[White "Ambartsumova, Karina"]
[Black "Belov, Alexei"]
[WhiteFideId "4166299"]
[BlackFideId "4128206"]
[WhiteElo "2319"]
[BlackElo "2503"]
[Result "1-0"]
[Round "10"]
[TimeControl "180+2"]
[Date "2023.02.28"]
[WhiteClock "0:00:29"]
[BlackClock "0:01:30"]

1. Nf3 Nf6 2. c4 e6 3. e3 d5 4. Nc3 Be7 5. Qc2 O-O 6. b3 Nbd7 7. Bb2 c5 8. cxd5 exd5 9. h4 b6 10. Bd3 Bb7 11. Ng5 h6 12. O-O-O Ne5 13. Bh7+ Kh8 14. d4 cxd4 15. exd4 Neg4 16. Bf5 Bc8 17. Rde1 Bxf5 18. Qxf5 Rc8 19. Kb1 Bb4 20. f3 Nf2 21. Rhf1 Bxc3 22. Bxc3 Rxc3 23. Rxf2 g6 24. Qe5 Re8 25. Nxf7+ Kg7 26. Nxd8 Rxe5 27. dxe5 1-0


[Site "https://www.chess.com"]

[Event "Titled Tuesday Blitz February 28 Early 2023"]
[White "Womacka, Mathias"]
[Black "Postma, Dinant"]
[WhiteFideId "4611390"]
[BlackFideId "1018612"]
[WhiteElo "2377"]
[BlackElo "2583"]
[Result "0-1"]
[Round "10"]
[TimeControl "180+2"]
[Date "2023.02.28"]
[WhiteClock "0:01:26"]
[BlackClock "0:01:17"]

1. e4 c5 2. Nf3 g6 3. d4 cxd4 4. Nxd4 Bg7 5. c4 Nc6 6. Be3 Nf6 7. Nc3 Ng4 8. Qxg4 Nxd4 9. Qd1 e5 10. Bd3 O-O 11. O-O b6 12. Qd2 Bb7 13. Rfd1 Re8 14. f3 Bc6 15. Ne2 Ne6 16. b4 Bf8 17. a3 a5 18. Qe1 axb4 19. axb4 Qe7 20. b5 Bb7 21. Bxb6 Nc5 22. Bc2 Qe6 23. Ba5 Qxc4 24. Nc3 Ne6 25. Bd3 Bc5+ 26. Kh1 Qd4 27. Bf1 Qg1# 0-1


[Site "https://www.chess.com"]

[Event "Titled Tuesday Blitz February 28 Early 2023"]
[White "Pinheiro, Iung Alicio de O."]
[Black "Abdilkhair, Abilmansur"]
[WhiteFideId "2104350"]
[BlackFideId "13716417"]
[WhiteElo "2283"]
[BlackElo "2216"]
[Result "0-1"]
[Round "10"]
[TimeControl "180+2"]
[Date "2023.02.28"]
[WhiteClock "0:00:30"]
[BlackClock "0:01:37"]

1. e4 e5 2. Bc4 Nc6 3. f4 Nf6 4. Nc3 Bb4 5. Nf3 d6 6. O-O O-O 7. d3 Bxc3 8. bxc3 Bg4 9. h3 Be6 10. Bxe6 fxe6 11. fxe5 dxe5 12. Rb1 b6 13. Qe1 Qd6 14. Be3 Nh5 15. g3 Rf7 16. Kg2 Raf8 17. Qd2 Ne7 18. d4 exd4 19. e5 Qc6 0-1


[Site "https://www.chess.com"]